Map: Blueshift LE

Players

ADG - Winner!

  • Race: Zerg Zerg
  • League: Master
  • Spawn Location: 1:00

OldManSart

  • Race: Protoss Protoss
  • League: Diamond
  • Spawn Location: 7:00

VOD

Have the link to the VOD?

Description

Time

  • Played on: Dec. 27, 2018, 6:32 a.m.
  • Length: 13:51
Show
View Real Time Build Order
Export as new Build Order

ADG Zerg - Winner!

Build Orders: Hatch First 

Get SALT Encoding   

  12  0:00  Drone  
  13  0:13  Overlord  
  13  0:17  Drone  
  14  0:31  Drone x2  
  16  0:50  Hatchery  
  16  0:53  Drone  
  16  0:57  Drone  
  17  0:59  Drone  
  18  1:12  Extractor  
  18  1:16  Spawning Pool  
  16  1:19  Drone  
  16  1:23  Drone  
  18  1:30  Drone  
  19  1:39  Drone  
  20  1:53  Hatchery  
  19  1:56  Drone  
  20  2:03  Overlord  
  20  2:09  Drone  
  20  2:12  Drone  
  20  2:15  Metabolic Boost  
  22  2:23  Drone x2  
  22  2:25  Drone  
  25  2:33  Zergling x2  
  25  2:34  Zergling x2  
  27  2:44  Zergling x2  
  28  2:45  Zergling x2  
  29  2:52  Queen x2  
  29  2:56  Drone  
  29  2:57  Drone  
  35  3:05  Drone  
  36  3:06  Queen  
  36  3:11  Overlord  
  38  3:14  Drone  
  38  3:16  Drone  
  38  3:19  Drone  
  41  3:21  Drone  
  41  3:26  Overlord  
  42  3:31  Drone x2  
  44  3:39  Drone x3  
  47  3:47  Overlord  
  48  3:48  Drone  
  48  3:49  Drone  
  48  3:52  Queen  
  48  3:55  Queen  
  53  4:02  Overlord  
  53  4:08  Drone x6  
  57  4:17  Overlord  
  57  4:20  Lair  
  57  4:21  Overlord  
  57  4:22  Overlord  
  57  4:23  Extractor  
  56  4:25  Extractor  
  56  4:30  Roach Warren  
  54  4:32  Spore Crawler  
  54  4:35  Spore Crawler  
  54  4:36  Spore Crawler  
  51  4:39  Drone  
  51  4:40  Drone x3  
  51  4:42  Drone  
  51  4:45  Drone x2  
  58  4:46  Drone x2  
  58  4:50  Drone x2  
  62  4:57  Drone x5  
  67  5:00  Drone  
  67  5:05  Drone x3  
  71  5:09  Drone x2  
  71  5:13  Overlord x2  
  73  5:23  Zergling x8  
  73  5:25  Glial Reconstitution  
  77  5:30  Roach x4  
  77  5:33  Roach  
  87  5:40  Roach  
  89  5:45  Roach x4  
  89  5:46  Roach x4  
  105  5:54  Overseer  
  105  5:57  Overlord  
  105  6:00  Overlord  
  105  6:01  Zergling x2  
  106  6:05  Extractor  
  106  6:06  Extractor  
  106  6:07  Roach  
  106  6:09  Evolution Chamber  
  105  6:14  Overlord  
  105  6:17  Roach x7  
  105  6:18  Roach  
  113  6:22  Roach x3  
  113  6:23  Roach x3  
  113  6:24  Ravager  
  117  6:28  Roach  
  104  6:33  Roach  
  104  6:34  Roach x2  
  104  6:39  Roach  
  111  6:40  Roach  
  111  6:44  Roach x3  
  105  6:51  Roach x2  
  105  6:52  Roach  
  109  6:58  Roach  
  99  7:02  Ravager  
  99  7:03  Roach  
  99  7:08  Roach x2  
  106  7:12  Drone  
  106  7:13  Drone  
  108  7:20  Overlord  
  108  7:26  Overlord x2, Hydralisk Den  
  108  7:28  Ravager  
  108  7:30  Zergling x2  
  108  7:32  Hatchery  
  108  7:40  Roach x3  
  114  7:51  Roach x5  
  124  7:55  Roach x2  
  124  7:57  Queen x3  
  91  8:10  Spine Crawler  
  91  8:12  Spine Crawler x2  
  81  8:13  Spine Crawler  
  81  8:14  Roach x4  
  81  8:15  Spine Crawler  
  81  8:17  Roach  
  81  8:18  Roach  
  82  8:28  Roach x2  
  76  8:40  Overlord  
  59  8:50  Roach Warren  
  52  9:04  Drone x3  
  49  9:16  Lair  
  41  9:20  Drone  
  36  9:26  Drone x2  
  33  9:34  Roach  
  31  9:40  Roach  
  31  9:43  Drone  
  34  9:47  Drone  
  35  10:02  Ravager x4  
  35  10:03  Ravager  
  35  10:04  Roach  
  42  10:08  Roach  
  42  10:12  Roach  
  46  10:16  Drone  
  46  10:20  Roach  
  49  10:30  Drone x2  
  49  10:34  Drone  
  52  11:06  Roach x3  
  52  11:09  Hatchery  
  57  11:17  Roach  
  59  11:22  Roach x3  
  65  11:28  Ravager  
  66  11:33  Roach, Hydralisk Den  
  67  11:42  Roach  
  69  11:52  Roach x3  
  75  11:57  Drone  
  76  12:04  Muscular Augments  
  76  12:06  Roach  
  78  12:13  Ravager x2  
  80  12:17  Hydralisk  
  82  12:22  Hydralisk  
  82  12:29  Drone x3  
  87  12:38  Hydralisk  
  89  12:49  Hydralisk  
  89  12:51  Drone x2  
  93  12:56  Drone  
  95  12:58  Drone  
  95  13:00  Drone  
  95  13:03  Drone  
  97  13:06  Drone  
  97  13:10  Drone x2  
  100  13:16  Roach  
  100  13:19  Roach  
  104  13:26  Roach  
Show
View Real Time Build Order
Export as new Build Order

OldManSart Protoss 

Build Orders: 1 Gate Expand, Phoenix Opening 

Get SALT Encoding   

  12  0:00  Probe  
  13  0:13  Probe  
  14  0:23  Pylon  
  14  0:26  Probe  
  15  0:37  Probe  
  16  0:45  Probe, Gateway  
  17  0:53  Assimilator  
  17  0:56  Probe  
  18  1:08  Probe  
  19  1:20  Probe  
  20  1:31  Nexus  
  20  1:37  Cybernetics Core  
  20  1:46  Assimilator  
  21  1:47  Probe  
  21  1:55  Pylon  
  21  1:59  Probe  
  22  2:05  Stalker  
  22  2:11  Probe  
  25  2:23  Probe  
  26  2:30  Stargate  
  26  2:36  Probe  
  27  2:39  Warp Gate  
  27  2:42  Adept  
  29  2:46  Probe  
  29  2:47  Probe  
  31  2:54  Probe  
  31  2:55  Probe  
  31  3:03  Probe  
  31  3:04  Probe  
  33  3:06  Phoenix  
  37  3:21  Twilight Council  
  37  3:22  Pylon  
  37  3:26  Pylon  
  37  3:28  Probe  
  36  3:52  Robotics Facility  
  36  4:13  Charge  
  36  4:14  Pylon  
  36  4:15  Pylon  
  34  4:28  Gateway  
  34  4:30  Gateway  
  34  4:31  Gateway  
  34  4:35  Gateway  
  34  4:38  Gateway  
  34  4:40  Gateway  
  34  4:42  Gateway  
  34  4:45  Zealot  
  36  4:52  Warp Prism  
  36  5:01  Pylon  
  36  5:02  Pylon  
  36  5:04  Pylon  
  38  5:38  Adept  
  40  5:45  Zealot x3  
  40  5:46  Zealot x4  
  54  6:02  Zealot x3  
  60  6:06  Zealot x5  
  68  6:21  Zealot x3  
  68  6:26  Zealot x5  
  66  6:45  Zealot x3  
  66  6:46  Zealot x3  
  66  6:47  Zealot x2  
  38  7:11  Zealot x2  
  38  7:12  Zealot x6  
  54  7:32  Zealot x6  
  54  7:33  Zealot x2  
  66  7:55  Zealot x6  
  58  8:20  Zealot x5  
  58  8:21  Zealot  
  48  9:04  Probe  
  45  9:19  Zealot x4  
  41  9:56  Probe  
  42  10:12  Probe  
  43  10:26  Probe  
  34  10:39  Probe  
  33  11:01  Probe  
  32  11:13  Probe  
  31  11:48  Nexus  
  29  12:04  Probe  
  30  12:12  Probe  
  31  12:27  Probe  
  32  12:39  Probe  
  33  12:53  Probe  
  33  12:55  Immortal  
  33  12:57  Probe  
  34  13:01  Probe  
  40  13:17  Probe  
  40  13:18  Probe  
Tags
 
Add a new tag
Caveats
  • Supply blocks, unpowered buildings, or Contaminate may cause inaccurate times.
  • Supply counts are checked every 10 seconds.